 Dungeon Crawl Stone Soup version 0.30-a0-802-gb92711bcdf (webtiles) character file.

Game seed: 7806461179702086450

8604 jasper the Cleaver (level 11, -5/68 HPs)
             Began as a Tengu Fighter on Feb 24, 2023.
             Was an Elder of Okawaru.
             Slain by a vampire (8 damage)
             ... on level 10 of the Dungeon.
             The game lasted 00:16:35 (9458 turns).

jasper the Cleaver (Tengu Fighter)                  Turns: 9458, Time: 00:16:36

Health: -5/68      AC: 15    Str: 22    XL:     11   Next: 33%
Magic:  18/18      EV:  7    Int:  8    God:    Okawaru [****..]
Gold:   1469       SH:  6    Dex: 19    Spells: 10/10 levels left

rFire   . . .      SeeInvis .    j - +2 broad axe (drain)
rCold   . . .      Faith    .    c - +0 buckler
rNeg    . . .      Spirit   .    p - +0 plate armour
rPois   .          Reflect  .    (helmet restricted)
rElec   .          Harm     .    (no cloak)
rCorr   .          Rampage  .    t - +0 pair of gloves
Will    .....                    (boots unavailable) Stlth
                                 D - amulet of regeneration
HPRegen 1.11/turn                d - +6 ring of dexterity
MPRegen 0.16/turn                (no ring)

@: flying quickly and evasively, quick
A: beak, talons 3, nimble flight
a: Renounce Religion, Heroism, Finesse


You were on level 10 of the Dungeon.
You worshipped Okawaru.
Okawaru was greatly pleased with you.
You visited 2 branches of the dungeon, and saw 11 of its levels.
You also visited: Ossuary.

You collected 1604 gold pieces.
You spent 135 gold pieces at shops.

Inventory:

Hand Weapons
 a - a +0 war axe
 j - a +2 broad axe of draining (weapon)
 w - a +0 morningstar
Missiles
 e - 29 poisoned darts
 A - 4 javelins
 H - 15 boomerangs (quivered)
Armour
 b - a +0 scale mail
 c - a +0 buckler (worn)
 p - a +0 plate armour (worn)
 t - a +0 pair of gloves (worn)
Jewellery
 d - a +6 ring of dexterity (left hand)
 B - a ring of positive energy
 D - an amulet of regeneration (around neck)
 F - a ring of positive energy
Wands
 i - a wand of paralysis (16)
 J - a wand of roots (4)
Scrolls
 f - 4 scrolls of blinking
 g - 2 scrolls of magic mapping
 h - a scroll of immolation
 o - a scroll of amnesia
 r - 4 scrolls of teleportation
 x - 4 scrolls of poison
 y - a scroll of fog
Potions
 k - 4 potions of degeneration
 l - 7 potions of heal wounds
 m - a potion of resistance
 n - 5 potions of lignification
 q - 3 potions of magic
 s - 4 potions of attraction
 u - 2 potions of cancellation
 v - 7 potions of curing {unknown}
 z - a potion of berserk rage {unknown}
 C - a potion of might
 E - a potion of flight {unknown}
 G - a potion of haste
 I - a potion of mutation {unknown}


   Skills:
 + Level 7.8 Fighting
 * Level 11.3 Axes
 - Level 3.0 Throwing
 + Level 8.5 Armour
 - Level 4.0 Shields
 - Level 8.0 Invocations


You had 10 spell levels left.
You didn't know any spells.
Your spell library contained the following spells:

 Spells                   Type           Power      Damage    Failure   Level
 Freeze                   Ice            0%         1d3       100%        1
 Frozen Ramparts          Ice            0%         1d1       100%        3
 Hailstorm                Conj/Ice       0%         3d3       100%        3
 Ozocubu's Armour         Ice            0%         N/A       100%        3
 Portal Projectile        Hex/Tloc       0%         N/A       100%        3
 Leda's Liquefaction      Hex/Erth       0%         N/A       100%        4
 Metabolic Englaciation   Hex/Ice        0%         N/A       100%        5
 Ozocubu's Refrigeration  Ice            0%         4d7       100%        7
 Call Canine Familiar     Summ           Unusable   N/A       N/A         3
 Simulacrum               Ice/Necr       Unusable   N/A       N/A         6

Dungeon Overview and Level Annotations

Branches:
Dungeon (10/15)            Temple (1/1) D:5            Lair (0/5) D:10
Ossuary (visited)
    Orc: D:9-12

Altars:
Ashenzari
Cheibriados
Dithmenos
Elyvilon
Fedhas
Gozag
Hepliaklqana
Kikubaaqudgha
Makhleb
Nemelex Xobeh
Okawaru
Qazlal
Ru
Sif Muna
Trog
Uskayaw
Vehumet
Wu Jian
Xom
Yredelemnul
Zin

Shops:
D:1 (([   D:5 (

Annotations:
D:4 1 runed translucent door, Pimp's ghost, novice MiMo
D:8 exclusion: ice statue
D:9 exclusion: ice statue


Innate Abilities, Weirdness & Mutations

You have a beak for a mouth.
You have claws for feet.
Your magical nature lets you fly swiftly and evasively.


Message History

You slash the vampire! You claw the vampire.
The vampire is heavily damaged.
The vampire draws life force from you!
The vampire is healed by the life force!
You take 16 damage, and have 45/68 hp.
MASSIVE DAMAGE!!
You slash the vampire! Your peck misses the vampire.
The vampire is moderately damaged.
The vampire hits you but does no damage.
The vampire bites you but does no damage.
You slash the vampire! You claw the vampire, but do no damage.
The vampire is severely damaged.
The vampire mumbles some strange words.
The vampire flickers and vanishes!
Deactivating autopickup; reactivate with Ctrl-A.
You regained 2 hp, and now have 48/68 hp.
You barely miss something. Your kick misses something. You peck something.
Something hits you but does no damage. Something bites you.
Something draws strength from your injuries!
You take 2 damage, and have 46/68 hp.
You closely miss something. You claw something.
Something hits you but does no damage. Something bites you.
Something draws strength from your injuries!
You take 4 damage, and have 42/68 hp.
You hit something but do no damage. Your kick misses something.
You peck something. Something draws life force from you!
Something hits you but does no damage. Something bites you.
Something draws strength from your injuries!
You take 20 damage, and have 22/68 hp.
MASSIVE DAMAGE!!
You closely miss something. You claw something.
Something hits you but does no damage. Something bites you!
* * * LOW HITPOINT WARNING * * *
Something draws strength from your injuries!
You take 10 damage, and have 12/68 hp.
You hit something. Your kick misses something. Something hits you!
* * * LOW HITPOINT WARNING * * *
Something bites you but does no damage.
You take 10 damage, and have 2/68 hp.
You miss something. Your kick misses something. Your peck misses something.
Something hits you!
You die...

>.......#.....'.......#
........#.....#.......#
......#########.......#
....#.## #.......#
....#..# #.......#
)..##..# #.......#
..###.## #.......#
......# ##.......#
####### #..@{....#
#........# #........#
#........# #........#
##.......# #.......#
........#


There were no monsters in sight!

Vanquished Creatures
  2 two-headed ogres (D:10)
  A cyclops (D:9)
  An elephant (D:10)
  A troll (D:10)
  A hornet (D:9)
  3 slime creatures (D:7)
  2 wyverns (D:10)
  A vampire (D:8)
  4 yaks (D:8)
  A basilisk (D:10)
  Duvessa (D:5)
  2 water moccasins
  2 black bears
  3 orc warriors
  An ice beast (D:8)
  2 ogres
  3 centaurs
  2 elf zombies (Ossuary)
  2 kobold brigands (D:7)
  2 necrophages
  2 bullfrogs
  3 scorpions
  17 wights
  Dowan (D:5)
  9 killer bees
  2 howler monkeys
  An electric eel (D:8)
  3 centaur zombies (Ossuary)
  6 hounds
  7 human zombies (Ossuary)
  4 orc priests
  A gnoll bouda (D:8)
  4 jellies
  3 iguanas
  5 orc wizards
  3 mummies (Ossuary)
  8 gnolls
  5 adders
  4 shadow imps
  An ufetubus (D:4)
  3 worms
  5 dart slugs
  23 orcs
  A ball python (D:3)
  13 endoplasms
  A giant cockroach (D:1)
  2 goblins
  6 hobgoblins
  3 jackals (D:1)
  10 kobolds
  5 quokkas
  4 bats
  3 frilled lizards
  8 rats
213 creatures vanquished.

Vanquished Creatures (others)
  9 fungi
  5 toadstools (D:7)
14 creatures vanquished.

Grand Total: 227 creatures vanquished

Notes
Turn   | Place    | Note
-------+----------+-------------------------------------------
     0 | D:1      | jasper the Tengu Fighter began the quest for the Orb.
     0 | D:1      | Reached XP level 1. HP: 14/14 MP: 2/2
   131 | D:1      | Found Vusm's Weapon Shop.
   217 | D:1      | Reached XP level 2. HP: 19/19 MP: 3/3
   251 | D:1      | Found a faded altar of an unknown god.
   468 | D:1      | Found Etoap's Weapon Shop.
   590 | D:1      | Reached XP level 3. HP: 21/23 MP: 4/4
   683 | D:1      | Reached skill level 3 in Axes
   751 | D:1      | Found Xophil's Antique Armour Shoppe.
  1430 | D:2      | Reached XP level 4. HP: 28/28 MP: 5/5
  2033 | D:3      | Found a sparkling altar of Nemelex Xobeh.
  2232 | D:1      | Bought a pair of gloves for 135 gold pieces
  2709 | D:3      | Found a shimmering blue altar of Sif Muna.
  2827 | D:4      | Found a runed translucent door.
  2849 | D:3      | Reached skill level 4 in Axes
  2849 | D:3      | Gained mutation: Your magical nature lets you fly swiftly
                  | and evasively. [Tengu growth]
  2849 | D:3      | Reached XP level 5. HP: 12/33 MP: 6/6
  3051 | D:4      | Reached XP level 6. HP: 33/38 MP: 7/7
  3408 | D:4      | Noticed Pimp's ghost (novice MiMo)
  3523 | D:5      | Entered Level 5 of the Dungeon
  3545 | D:5      | Noticed a water moccasin
  3560 | D:5      | Killed a water moccasin
  3561 | D:5      | Reached skill level 5 in Axes
  3636 | D:5      | Reached XP level 7. HP: 41/44 MP: 8/8
  3688 | D:5      | Reached skill level 5 in Armour
  3849 | D:5      | Found a staircase to the Ecumenical Temple.
  3874 | Temple   | Entered the Ecumenical Temple
  3989 | Temple   | Became a worshipper of Warmaster Okawaru
  4031 | D:5      | Noticed Duvessa
  4040 | D:5      | Killed Duvessa
  4041 | D:5      | Reached skill level 6 in Axes
  4042 | D:5      | Found a sand-covered staircase.
  4047 | Ossuary  | Entered an ossuary
  4140 | Ossuary  | Reached skill level 5 in Fighting
  4182 | Ossuary  | Reached XP level 8. HP: 48/49 MP: 9/9
  4182 | Ossuary  | Reached * piety under Okawaru
  4217 | Ossuary  | Reached skill level 7 in Axes
  4290 | D:5      | Noticed Dowan
  4320 | D:5      | Killed Dowan
  4524 | D:5      | Found Bimut's Weapon Shop.
  4820 | D:5      | Reached skill level 8 in Axes
  4865 | D:6      | Reached ** piety under Okawaru
  5147 | D:6      | Identified 2 scrolls of acquirement
  5147 | D:6      | Acquired 970 gold pieces
  5149 | D:6      | Acquired a +0 broad axe of draining
  5250 | D:6      | Found a snail-covered altar of Cheibriados.
  5259 | D:6      | Reached XP level 9. HP: 27/55 MP: 10/10
  5868 | D:6      | Reached skill level 9 in Axes
  6084 | D:7      | Reached skill level 1 in Throwing
  6088 | D:7      | Reached skill level 1 in Invocations
  6228 | D:7      | Found an opulent altar of Gozag.
  6883 | D:7      | Reached *** piety under Okawaru
  6964 | D:7      | Reached XP level 10. HP: 60/61 MP: 11/14
  6970 | D:7      | Reached skill level 10 in Axes
  7063 | D:7      | Found a bloodstained altar of Trog.
  7069 | D:7      | Found a radiant altar of Vehumet.
  7069 | D:7      | Found a basalt altar of Yredelemnul.
  7073 | D:7      | Found an ornate altar of the Wu Jian Council.
  7238 | D:8      | Noticed an ice statue
  7308 | D:8      | Found a shadowy altar of Dithmenos.
  7314 | D:8      | Found a hide-covered altar of Uskayaw.
  7778 | D:8      | Reached **** piety under Okawaru
  8251 | D:9      | Noticed an ice statue
  8363 | D:9      | Noticed a cyclops
  8369 | D:9      | Reached skill level 11 in Axes
  8375 | D:9      | Killed a cyclops
  8676 | D:9      | Reached skill level 5 in Invocations
  8988 | D:10     | Entered Level 10 of the Dungeon
  9081 | D:10     | Noticed a two-headed ogre
  9088 | D:10     | Killed a two-headed ogre
  9089 | D:10     | Reached XP level 11. HP: 51/68 MP: 13/16
  9146 | D:10     | Found a staircase to the Lair.
  9200 | D:10     | Identified the +2 robe of the Wumpus {Rampage Drain rN+
                  | Regen+}
  9232 | D:10     | Noticed a two-headed ogre
  9246 | D:10     | Killed a two-headed ogre
  9457 | D:10     | HP: 2/68 [something (11)]
  9458 | D:10     | Slain by a vampire

Illustrated notes

Levels and vault maps discovered:
D:1:      kennysheep_arrival_forest, layout_loops_corners, serial_shops, shop,
          shop_statue, nicolae_shop_hallway_stairs,
          dreamdust_ecumenical_altar_statues, st_stairs_8,
          minmay_misc_feat_secret_circle, amcnicky_mini_pool_small,
          wander_ebering_terrifying_dragon_lair
D:2:      layout_basic
D:3:      layout_basic, amcnicky_altar_gilded, nicolae_sif_muna_little_library,
          serial_glass, glass_columns_b, glass_columns_b
D:4:      layout_cave_pools, ebering_ghost_reflecting_pool, feat_on_display
D:5:      layout_basic, minmay_temple_entry_glassed_door, serial_shops,
          nicolae_shop_waterfront, enter_ossuary_2, uniq_duvessa
D:6:      layout_loops_ring, lemuel_crystal_altar
D:7:      cheibrodos_fertilizer, layout_loops_cross, grunt_gozag_statues,
          minitemple, corexii_hall_statues_i
D:8:      cheibrodos_frozen_isle, layout_basic, nicolae_overflow_squiral,
          nzn_life_drinkers
D:9:      layout_long_grid, minivault_15
D:10:     layout_gridville, david_lair_generic
Temple:   hellmonk_temple_flake

Skill      XL: |  1  2  3  4  5  6  7  8  9 10 11 |
---------------+----------------------------------+-----
Axes           | 3 4 5 6 8 9 11 | 11.3
Armour         | 4 5 6 7 8 |  8.5
Fighting       | 4 5 6 7 |  7.8
Shields        | 4 |  4.0
Throwing       | 3 |  3.0
Invocations    | 4 6 8 |  8.0

Action                     |  1- 3 |  4- 6 |  7- 9 | 10-12 || total
---------------------------+-------+-------+-------+-------++-------
  Melee: War axe           |    66 |    90 |   126 |       ||   282
         Peck              |     8 |     9 |    47 |    32 ||    96
         Kick              |    13 |    25 |    91 |    50 ||   179
         Broad axe         |       |       |   108 |   156 ||   264
  Throw: Stone             |    10 |       |       |       ||    10
         Dart              |    20 |    39 |    24 |     3 ||    86
         Javelin           |     2 |     2 |     9 |       ||    13
         Boomerang         |       |       |       |    35 ||    35
 Invoke: Heroism           |       |       |     2 |     5 ||     7
         Finesse           |       |       |       |     2 ||     2
  Evoke: Wand              |       |       |       |     1 ||     1
    Use: Scroll            |       |    15 |     6 |     1 ||    22
         Potion            |       |     1 |     1 |       ||     2
 Armour: Scale mail        |    33 |       |       |       ||    33
         Plate armour      |       |    54 |   111 |    96 ||   261
  Dodge: Dodged            |    34 |    21 |    50 |    66 ||   171
  Block: Buckler           |    15 |    19 |    57 |    40 ||   131

Table legend: (Time is in decaauts)
 A = Elapsed time spent in this place.
 B = Non-inter-level travel time spent in this place.
 C = Inter-level travel time spent in this place.
 D = Time resting spent in this place.
 E = Time spent auto-exploring this place.
 F = Levels seen in this place.
 G = Mean time per level.
                   A        B        C        D        E       F      G
               +--------+--------+--------+--------+--------+-----+--------+
         Total |   9123 |   8705 |    418 |    293 |   6671 |  12 |  760.2 |
       Dungeon |   8765 |   8363 |    402 |    293 |   6479 |  10 |  876.5 |
        Temple |    114 |     98 |     16 |      0 |     85 |   1 |  114.0 |
       Ossuary |    244 |    244 |      0 |      0 |    107 |   1 |  244.0 |
               +--------+--------+--------+--------+--------+-----+--------+

Top non-repeatable levels by time:
     D:1: 1261 daAuts
     D:6: 1049 daAuts
     D:7: 1019 daAuts
     D:5: 1016 daAuts
     D:8: 1014 daAuts
     D:2: 916 daAuts
     D:3: 813 daAuts
     D:9: 682 daAuts
     D:4: 556 daAuts
    D:10: 432 daAuts
 Ossuary: 244 daAuts
  Temple: 114 daAuts
